 Dungeon Crawl Stone Soup version 0.26-a0-812-g31a745ddcd (webtiles) character file.

Game seed: 11011824124492137348

126 Lanoc the Caller (level 5, 0/28 HPs)
             Began as a Gargoyle Summoner on Nov 23, 2020.
             Slain by an adder (3 damage)
             ... in a sewer.
             The game lasted 00:05:04 (2739 turns).

Lanoc the Caller (Gargoyle Summoner)                Turns: 2739, Time: 00:05:05

Health: 0/28       AC:  6    Str: 11    XL:     5   Next: 10%
Magic:  3/8        EV:  9    Int: 17    God:
Gold:   156        SH:  0    Dex: 10    Spells: 2/8 levels left

rFire    . . .     SeeInvis .   (no weapon)
rCold    . . .     Faith    .   (no shield)
rNeg     + . .     Spirit   .   a - +0 robe
rPois    ∞         Reflect  .   (no helmet)
rElec    +         Harm     .   (no cloak)
rCorr    .         Rampage  .   (no gloves)
MR       .....                  (no boots)
Stlth    ++........             (no amulet)
HPRegen  0.09/turn              (no ring)
MPRegen  0.11/turn              (no ring)

@: constricted
A: negative energy resistance 1, electricity resistance, unbreathing,
petrification resistance, rot immunity, AC +4
a: no special abilities


You were in a sewer.
You visited 1 branch of the dungeon, and saw 4 of its levels.
You also visited: Sewer.

You collected 156 gold pieces.

Inventory:

Armour
 a - a +0 robe (worn)
Scrolls
 b - 3 scrolls of teleportation
 d - a scroll of enchant weapon
 g - a scroll of noise
 h - a scroll of remove curse
Potions
 c - a potion of curing


   Skills:
 + Level 2.6 Dodging
 - Level 2.1 Stealth
 - Level 2.0 Spellcasting
 * Level 5.1 Summonings


You had 2 spell levels left.
You knew the following spells:

 Your Spells              Type           Power        Failure   Level
a - Summon Small Mammal   Summ           ###.         2%          1
b - Call Imp              Summ           ###.....     3%          2
c - Call Canine Familiar  Summ           ###.....     7%          3

Your spell library contained the following spells:

 Spells                   Type           Power        Failure   Level
 Beastly Appendage        Tmut           #.....       19%         1
 Wereblood                Tmut           #.......     28%         2
 Summon Guardian Golem    Hex/Summ       ##......     21%         3
 Spider Form              Tmut/Pois      #.........   50%         3
 Summon Ice Beast         Ice/Summ       ##......     56%         4
 Summon Lightning Spire   Summ/Air       ##......     56%         4
 Ice Form                 Ice/Tmut       #.......     88%         4
 Blade Hands              Tmut           #.........   99%         5


Dungeon Overview and Level Annotations

Branches:
Dungeon (4/15)              Sewer (1/1)
 Temple: D:4-7

Altars:
Nemelex Xobeh
Okawaru


Innate Abilities, Weirdness & Mutations

You are resistant to torment.
Your stone body is resilient. (AC +4)
You are immune to poison.
You resist negative energy. (rN+)
You are resistant to electric shocks. (rElec)
You can survive without breathing.
You are immune to petrification.
You are immune to rotting.


Message History

You aren't carrying any weapons that can be enchanted.
Your crimson imp barely misses the rat.
The adder bites you.
* * * LOW HITPOINT WARNING * * *
The rat bites your crimson imp. The ball python barely misses you.
The ball python grabs you.
* * * LOW HITPOINT WARNING * * *
The ball python constricts you.
As you read the scroll labelled QAATUR BIBLI, it crumbles to dust.
It is a scroll of identify.
g - a scroll of noise The adder bites you but does no damage.
The ball python bites you but does no damage.
The ball python constricts you.
As you read the scroll labelled VUOSHR RUDAETZA, it crumbles to dust.
You feel blessed for a moment.
It was a scroll of remove curse.
The adder bites you but does no damage.
The ball python bites you but does no damage.
* * * LOW HITPOINT WARNING * * *
The ball python constricts you. The adder bites you.
You die...

.......≈≈.≈≈≈≈≈≈≈≈≈#..#..#≈≈#
....≈.≈.≈≈≈≈≈≈≈≈≈≈≈#######≈≈#
..≈≈.≈≈≈≈≈≈≈≈≈≈≈≈≈≈#≈#≈# ≈≈#
≈≈≈≈≈≈≈≈≈≈≈≈≈≈≈≈≈≈≈≈#≈# ≈#
≈≈r≈≈≈≈≈≈≈≈≈≈≈≈≈≈≈≈#≈#≈ ≈#
.≈≈.≈r§≈≈≈≈≈≈≈≈≈≈≈≈≈#≈# #
..r..r≈.....≈≈≈≈≈≈≈#≈#
r....##.r...≈##≈≈≈≈≈#
....####......##@.≈#
r5..##....r..r5SSr≈#
r.............5.r..#
###.....###........+ ##..###
##.......# #### ######..# ###


You could see an adder, 2 river rats, a ball python, 2 rats and 2 friendly
crimson imps.

Vanquished Creatures
  An adder (Sewer)
  3 leopard geckos (D:4)
  A ball python (Sewer)
  A bat (D:2)
  3 giant cockroaches
  A hobgoblin (D:1)
  A jackal (D:3)
  2 kobolds
  A quokka (D:3)
  7 rats
21 creatures vanquished.

Vanquished Creatures (collateral kills)
  3 orc priests (D:4)
  An adder (D:3)
  A shadow imp (D:3)
  A dart slug (D:1)
  2 leopard geckos (D:4)
  10 orcs
  3 giant cockroaches
  A goblin (D:1)
  5 jackals (D:3)
  A ball python (Sewer)
  3 bats (D:3)
  6 kobolds
  6 rats
43 creatures vanquished.

Grand Total: 64 creatures vanquished

Notes
Turn   | Place    | Note
-------+----------+-------------------------------------------
     0 | D:1      | Lanoc the Gargoyle Summoner began the quest for the Orb.
     0 | D:1      | Reached XP level 1. HP: 10/10 MP: 3/3
   360 | D:1      | Reached XP level 2. HP: 15/15 MP: 3/5
   364 | D:1      | Learned a level 2 spell: Call Imp
   516 | D:3      | Found a sparkling altar of Nemelex Xobeh.
   689 | D:3      | Reached skill level 4 in Summonings
   997 | D:3      | Reached XP level 3. HP: 10/19 MP: 3/6
  1005 | D:3      | Learned a level 3 spell: Call Canine Familiar
  1339 | D:3      | Found an iron altar of Okawaru.
  2245 | D:4      | Reached XP level 4. HP: 8/24 MP: 3/7
  2300 | D:4      | Found a glowing drain.
  2311 | D:4      | Reached skill level 5 in Summonings
  2439 | Sewer    | Entered a sewer
  2672 | Sewer    | Reached XP level 5. HP: 27/28 MP: 4/8
  2739 | Sewer    | Slain by an adder

Illustrated notes

Levels and vault maps discovered:
D:1:      dpeg_arrival_simpleton_c, layout_basic
D:2:      layout_loops_corners, kennysheep_generic_room_4
D:3:      layout_rooms, lemuel_crystal_altar, okawaru_metal_pillars_1_2
D:4:      layout_loops_cross, kennysheep_mini, kennysheep_mini_moat,
          gup_sewer_entry_pipe, vehumet_altar_wand_db
Sewer:    sewer_minmay_treatment

Skill      XL: |  1  2  3  4 |
---------------+-------------+-----
Summonings     | 4 5 |  5.1
Dodging        | 2 |  2.6
Stealth        | |  2.1
Spellcasting   | |  2.0

Action                   |  1- 3 |  4- 6 || total
-------------------------+-------+-------++-------
Melee: Unarmed           |   213 |    94 ||   307
 Cast: Summon Small Mamm |     5 |       ||     5
       Call Imp          |    23 |    12 ||    35
  Use: Potion            |       |     6 ||     6
       Scroll            |       |     4 ||     4
 Stab: Sleeping          |     2 |       ||     2
Armor: Robe              |    77 |    39 ||   116
       Skin              |       |     4 ||     4
Dodge: Dodged            |   179 |    92 ||   271

Table legend: (Time is in decaauts)
 A = Elapsed time spent in this place.
 B = Non-inter-level travel time spent in this place.
 C = Inter-level travel time spent in this place.
 D = Time resting spent in this place.
 E = Time spent auto-exploring this place.
 F = Levels seen in this place.
 G = Mean time per level.
                   A        B        C        D        E       F      G
               +--------+--------+--------+--------+--------+-----+--------+
         Total |   2741 |   2729 |     12 |    131 |   1994 |   5 |  548.2 |
       Dungeon |   2441 |   2429 |     12 |    131 |   1822 |   4 |  610.2 |
         Sewer |    300 |    300 |      0 |      0 |    172 |   1 |  300.0 |
               +--------+--------+--------+--------+--------+-----+--------+

Top non-repeatable levels by time:
     D:3: 1695 daAuts
     D:1: 396 daAuts
   Sewer: 300 daAuts
     D:4: 255 daAuts
     D:2: 93 daAuts
